 Dungeon Crawl Stone Soup version 0.18.1-50-g88ac8fd (console) character file.

12747 Kloppie the Severer (level 11, -4/97 HPs)
             Began as a Hill Orc Berserker on Oct 23, 2016.
             Was a High Priest of Trog.
             Killed by divine providence
             ... invoked by an orc priest
              (9 damage)
             ... on level 1 of the Orcish Mines.
             The game lasted 00:16:20 (10367 turns).

Kloppie the Severer (Hill Orc Berserker)           Turns: 10367, Time: 00:16:20

Health: -4/97      AC: 25    Str: 24    XL:     11   Next: 98%
Magic:  0/3        EV:  8    Int:  7    God:    Trog [*****.]
Gold:   609        SH:  0    Dex: 10    Spells: 0 memorised, 10 levels left

rFire  . . .     SeeInvis .     a - +3 battleaxe (antimagic)
rCold  . . .     Gourm    .     j - +0 plate armour
rNeg   . . .     Faith    .     (shield currently unavailable)
rPois  .         Spirit   +     e - +1 helmet
rElec  .         Dismiss  .     u - +2 cloak
rCorr  +         Reflect  .     t - +2 pair of gloves
SustAt .         Harm     .     (no boots)
MR     ++...                    v - amulet of guardian spirit
Stlth  ..........               g - ring of stealth
                                G - ring of resist corrosion

@: very slightly contaminated, regenerating, hasted and slowed, very resistant
to hostile enchantments, extremely unstealthy
A: no striking features
a: Berserk, Trog's Hand, Brothers in Arms, Burn Spellbooks, Renounce Religion,
Convert to Beogh


You were on level 1 of the Orcish Mines.
You worshipped Trog.
Trog was extremely pleased with you.
You were hungry.

You visited 2 branches of the dungeon, and saw 13 of its levels.

You collected 609 gold pieces.

Inventory:

Hand Weapons
 a - a +3 antimagic battleaxe (weapon)
 K - a +2 antimagic battleaxe
Armour
 e - a +1 helmet (worn)
 j - a +0 plate armour (worn)
 t - a +2 pair of gloves (worn)
 u - a +2 cloak (worn)
Jewellery
 d - an uncursed ring of fire
 g - a ring of stealth (right hand)
 v - an amulet of guardian spirit (around neck)
 G - a ring of resist corrosion (left hand)
Wands
 q - a wand of iceblast (5/15)
 y - a wand of teleportation (2/9)
 z - a wand of random effects (18/48)
 D - a wand of confusion (13/48)
 I - a wand of hasting (5/9)
 L - a wand of paralysis (14/24)
Scrolls
 b - 4 scrolls of teleportation
 k - 3 scrolls of brand weapon {unknown}
 l - 2 scrolls of noise
 p - 2 scrolls of remove curse
 B - a scroll of recharging
 H - 2 scrolls of identify
 J - a scroll of vulnerability {unknown}
Potions
 f - a potion of magic {unknown}
 h - a potion of haste
 i - 2 potions of agility
 n - 3 potions of brilliance
 r - 4 potions of curing
 s - 2 potions of heal wounds {unknown}
 w - 3 potions of flight
 x - a potion of invisibility {unknown}
 A - a potion of lignification
 C - a potion of berserk rage {unknown}
 E - a potion of cancellation {unknown}
 F - a potion of might {unknown}
Comestibles
 c - 11 bread rations
 m - 11 beef jerkies
 o - 2 meat rations
 M - 7 chunks of flesh


   Skills:
 + Level 9.5 Fighting
 + Level 16.5 Axes
 - Level 12.1 Armour
 - Level 1.5 Dodging


You had 10 spell levels left.
You didn't know any spells.

Dungeon Overview and Level Annotations

Branches:
Dungeon (12/15)            Temple (0/1) D:5            Lair (0/8) D:8
    Orc (1/2) D:9

Altars:
Cheibriados
Elyvilon
Fedhas
Gozag
Nemelex Xobeh
Okawaru
Ru
Xom
Zin

Shops:
D:12 [


Message History

Your skin crawls.
You feel resistant to hostile enchantments.
You feel slightly more hungry.
The two-headed ogre completely misses you.
The two-headed ogre hits you but does no damage.
The orc hits you but does no damage.
The orc knight hits you with a great mace.
* * * LOW HITPOINT WARNING * * *
The orc no longer looks unusually strong.
The orc priest mumbles some strange prayers to Beogh against you.
Beogh smites you!
* * * LOW HITPOINT WARNING * * *
The orc knight roars a battlecry!
The orc goes into a battle-frenzy!
The orc knight roars a battlecry!
The orc goes into a battle-frenzy!
The orc warrior no longer looks unusually strong.
The orc priest calls down the wrath of Beogh upon you.
Beogh smites you!
You die...

.## ##. #.#..#......
..## ...##.#........#
... #..#...........#
#..#
#..............##...#
###.#.......##.##....#
..#...........##....#
..............O.#<.#
.........oooo.oW@..#
.........oT..oo.#.##
....>.....o..o...##
...........o....##
...#........[..##
.#.#..........##
#...#.......###
#............#
o.............#


You could see an orc knight, a troll, a two-headed ogre, a wraith, 3 orc
warriors, an orc priest and 6 orcs.

Vanquished Creatures
  Josephine (Orc:1)
  The ghost of Plasmo the Sneak, a novice NaWz of Cheibriados (D:7)
  An unseen horror (D:11)
  A cyclops (D:12)
  A centaur zombie (D:12)
  A gargoyle (D:12)
  4 trolls
  A two-headed ogre (D:9)
  3 wraiths
  2 wyverns
  A water elemental (D:12)
  8 yaks
  3 hippogriffs (D:12)
  A hungry ghost (D:12)
  2 mottled dragons
  A soldier ant (D:10)
  A water moccasin (D:10)
  7 orc warriors
  2 ice beasts
  An eye of draining (D:12)
  2 black bears (D:6)
  A wasp (D:12)
  2 necrophages
  5 ogres
  A sky beast (D:12)
  6 centaurs
  A crocodile (D:11)
  4 big kobolds
  7 giant frogs
  6 scorpions
  16 killer bees
  2 crimson imps
  A jelly (D:6)
  4 giant frog skeletons
  2 hounds
  A gnoll shaman (D:10)
  A quasit (D:11)
  13 orc priests
  A centaur skeleton (D:6)
  4 iguanas
  10 orc wizards
  8 worker ants
  A killer bee zombie (D:9)
  A hound zombie (D:10)
  2 hound skeletons
  A worker ant zombie (D:7)
  A howler monkey skeleton (D:10)
  4 gnolls (D:10)
  16 adders
  2 oozes
  An adder zombie (D:6)
  An adder skeleton (D:9)
  4 worms
  2 dart slugs
  2 giant geckos
  60 orcs
  5 bats
  4 giant cockroaches
  6 goblins
  3 hobgoblins
  9 jackals
  16 kobolds
  8 quokkas
  A ball python (D:3)
  A giant gecko skeleton (D:7)
  12 giant newts
  A quokka zombie (D:6)
  2 rats (D:2)
  A plant (D:12)
308 creatures vanquished.

Vanquished Creatures (others)
  2 plants (D:12)
2 creatures vanquished.

Grand Total: 310 creatures vanquished

Notes
Turn   | Place    | Note
--------------------------------------------------------------
     0 | D:1      | Kloppie the Hill Orc Berserker began the quest for the Orb.
     0 | D:1      | Reached XP level 1. HP: 19/19 MP: 1/1
   421 | D:1      | Reached XP level 2. HP: 20/26 MP: 2/2
   935 | D:2      | Reached XP level 3. HP: 31/31 MP: 3/3
  1194 | D:2      | Reached skill level 5 in Axes
  1195 | D:2      | Reached ** piety under Trog
  1276 | D:2      | Found a glowing silver altar of Zin.
  1367 | D:2      | Reached XP level 4. HP: 35/39 MP: 4/4
  1649 | D:3      | Found a sparkling altar of Nemelex Xobeh.
  1673 | D:3      | Found a shimmering altar of Xom.
  1745 | D:3      | Reached skill level 6 in Axes
  1745 | D:3      | Reached XP level 5. HP: 33/45 MP: 5/5
  2267 | D:4      | Reached *** piety under Trog
  2503 | D:4      | Reached skill level 5 in Armour
  2524 | D:4      | Reached XP level 6. HP: 43/51 MP: 6/6
  2780 | D:4      | Found a white marble altar of Elyvilon.
  2969 | D:4      | Reached skill level 7 in Axes
  3099 | D:5      | Entered Level 5 of the Dungeon
  3119 | D:5      | Reached XP level 7. HP: 46/57 MP: 7/7
  3265 | D:5      | Found a staircase to the Ecumenical Temple.
  3310 | D:5      | Reached skill level 8 in Axes
  3465 | D:5      | Found an iron altar of Okawaru.
  3870 | D:6      | Reached skill level 5 in Fighting
  3991 | D:6      | Found a blossoming altar of Fedhas.
  4088 | D:6      | Reached XP level 8. HP: 68/68 MP: 8/8
  4122 | D:6      | Reached **** piety under Trog
  4143 | D:6      | Reached skill level 9 in Axes
  4603 | D:6      | Reached skill level 10 in Axes
  4652 | D:6      | Found an opulent altar of Gozag.
  4914 | D:7      | Reached XP level 9. HP: 81/81 MP: 9/9
  4962 | D:7      | Reached skill level 11 in Axes
  5122 | D:7      | Noticed Plasmo's ghost (novice NaWz)
  5216 | D:7      | Killed Plasmo's ghost
  5635 | D:7      | Found a snail-covered altar of Cheibriados.
  5849 | D:8      | Reached skill level 12 in Axes
  6035 | D:8      | Found a sacrificial altar of Ru.
  6119 | D:8      | Found a staircase to the Lair.
  6431 | D:9      | Reached ***** piety under Trog
  6461 | D:9      | Found a staircase to the Orcish Mines.
  6493 | D:9      | Noticed a troll
  6502 | D:9      | Killed a troll
  6502 | D:9      | Reached XP level 10. HP: 87/87 MP: 8/10
  6541 | D:9      | Reached skill level 13 in Axes
  6595 | D:9      | Found an iron altar of Okawaru.
  6623 | D:9      | Reached skill level 10 in Armour
  7096 | D:9      | Reached skill level 14 in Axes
  7160 | D:10     | Entered Level 10 of the Dungeon
  7164 | D:10     | Received a gift from Trog
  8001 | D:10     | Reached XP level 11. HP: 64/93 MP: 3/11
  8677 | D:11     | Killed an unseen horror
  8677 | D:11     | Reached skill level 15 in Axes
  9494 | D:12     | Received a gift from Trog
  9919 | D:12     | Found Vijaidgh's Antique Armour Shop.
 10009 | D:12     | Reached skill level 16 in Axes
 10112 | D:12     | Noticed a cyclops
 10121 | D:12     | Killed a cyclops
 10299 | Orc:1    | Entered Level 1 of the Orcish Mines
 10334 | Orc:1    | Noticed Josephine
 10342 | Orc:1    | Noticed an orc knight
 10342 | Orc:1    | Killed Josephine
 10364 | Orc:1    | HP: 1/97 [orc priest/divine providence (11)]
 10367 | Orc:1    | Killed from afar by an orc priest

Skill      XL: |  1  2  3  4  5  6  7  8  9 10 11 |
---------------+----------------------------------+-----
Armour         | 3 4 5 6 9 11 12 | 12.1
Axes           | 5 6 7 8 10 12 14 16 | 16.5
Fighting       | 5 7 9 |  9.5
Dodging        | |  1.5

Action                   |  1- 3 |  4- 6 |  7- 9 | 10-12 || total
-------------------------+-------+-------+-------+-------++-------
Melee: Hand axe          |   112 |    93 |       |       ||   205
       War axe           |       |    93 |   416 |   121 ||   630
       Battleaxe         |       |       |       |   337 ||   337
Invok: Berserk           |       |     2 |     1 |     3 ||     6
       Trog's Hand       |       |       |       |     4 ||     4
  Use: Scroll            |       |       |    18 |     4 ||    22
       Potion            |       |       |       |     2 ||     2
  Eat: Chunk             |     2 |     7 |    12 |    11 ||    32
       Pizza             |       |       |       |     1 ||     1
       Meat ration       |       |       |       |     2 ||     2
Armor: Chain mail        |    60 |    84 |   161 |       ||   305
       Plate armour      |       |       |   134 |   416 ||   550
Dodge: Dodged            |    46 |    68 |   117 |   239 ||   470
